 Dungeon Crawl Stone Soup version 0.28-a0-1518-gbe868bca14 (webtiles) character file.

Game seed: 10173957255328026166

498 wazuzu the Digger (level 6, -2/41 HPs)
             Began as a Demonspawn Earth Elementalist on Jan 16, 2022.
             Slain by a steam dragon (7 damage)
             ... on level 4 of the Dungeon.
             The game lasted 00:07:51 (4820 turns).

wazuzu the Digger (Demonspawn Earth Elementalist)   Turns: 4820, Time: 00:07:52

Health: -2/41      AC:  2    Str:  8    XL:     6   Next: 94%
Magic:  7/12       EV: 14    Int: 19    God:
Gold:   59         SH:  0    Dex: 13    Spells: 9/13 levels left

rFire   . . .      SeeInvis .   d - +0 falchion
rCold   . . .      Faith    .   (no shield)
rNeg    . . .      Spirit   .   b - +0 robe
rPois   .          Reflect  .   (no helmet)
rElec   .          Harm     .   (no cloak)
rCorr   .          Rampage  .   (no gloves)
Will    .....                   (no boots)
Stlth   ++........              (no amulet)
HPRegen 0.13/turn               (no ring)
MPRegen 0.13/turn               (no ring)

@: very slightly contaminated
A: repulsion field 1, foul stench 1, condensation shield, demonic touch 1
a: no special abilities


You were on level 4 of the Dungeon.
You visited 1 branch of the dungeon, and saw 4 of its levels.

You collected 103 gold pieces.
You spent 44 gold pieces at shops.


Innate Abilities, Weirdness & Mutations

You are surrounded by a mild repulsion field. (EV +2)
You may rarely emit foul miasma when damaged in melee.
A meltable shield of frost defends you. (SH +0)
Your touch may inflict minor irresistible damage on your foes.


   Skills:
 - Level 1.7 Dodging
 - Level 1.7 Stealth
 + Level 4.0 Spellcasting
 * Level 4.3 Conjurations
 - Level 1.0 Transmutations
 + Level 4.5 Earth Magic


You had 9 spell levels left.
You knew the following spells:

 Your Spells              Type           Power      Damage    Failure   Level
a - Stone Arrow           Conj/Erth      40%        3d9       7%          3
z - Sandblast             Erth           42%        2d11      2%          1

Your spell library contained the following spells:

 Spells                   Type           Power      Damage    Failure   Level
 Passwall                 Tmut/Erth      11%        N/A       7%          2
 Petrify                  Tmut/Erth      14%        N/A       41%         4


Dungeon Overview and Level Annotations

Branches:
Dungeon (4/15)
 Temple: D:4-7

Altars:

Shops:
D:3 *!

Inventory:

Hand Weapons
 d - a +0 falchion (weapon)
Missiles
 c - 72 stones
Armour
 b - a +0 robe (worn)
Jewellery
 o - a ring of fire
Scrolls
 e - 3 scrolls of identify
 f - 2 scrolls of teleportation {unknown}
 g - a scroll of holy word {unknown}
 h - a scroll of torment {unknown}
 i - a scroll of fog {unknown}
 n - a scroll of immolation {unknown}
Potions
 l - a potion of haste
 m - a potion of heal wounds {unknown}
 p - a potion of lignification {unknown}
 q - a potion of curing

#.# #.# #.####### #.#
#.......# #.###
#######.# #.#.. ...#.#
#.#.# #.#.##########
#.#.#
#......)...<.###.#..
#.#D..!.............
...#@§########.......
### #..# #..≈≈...
######..# #.≈..≈..
........# #≈≈≈..≈..
#####...######≈≈≈..≈..≈
#........#≈≈...≈.⌠≈
#.#.######≈≈..≈..≈⌠
#.#.# ≈≈..≈..≈. #.#.#
#≈...≈≈..


You could see a steam dragon (catching breath).


Message History

You kill the endoplasm!
No target in view!
c - 81 stones (gained 14);
p - a red potion You now have 53 gold pieces (gained 14).
Things that are here:
a +0 hunting sling; a +0 dagger; a goblin corpse A howler monkey zombie comes into view.
A howler monkey zombie is nearby!
A howler monkey zombie is nearby!
A howler monkey zombie is nearby!
Casting: Sandblast (safe; 2% risk of failure)
The blast of sand hits the howler monkey zombie.
The howler monkey zombie is moderately damaged.
Casting: Sandblast (safe; 2% risk of failure)
The blast of sand hits the howler monkey zombie!
The howler monkey zombie is severely damaged.
The howler monkey zombie closely misses you.
Casting: Sandblast (safe; 2% risk of failure)
The blast of sand hits the howler monkey zombie.
The howler monkey zombie is almost destroyed.
The howler monkey zombie hits you.
Casting: Sandblast (safe; 2% risk of failure)
The blast of sand hits the howler monkey zombie!
You destroy the howler monkey zombie!
No target in view!
You now have 59 gold pieces (gained 6).
q - a potion of curing A goblin comes into view.
It is wielding a +0 dagger.
A goblin is nearby!
A goblin is nearby!
The goblin shouts!
Casting: Sandblast (safe; 2% risk of failure)
The blast of sand hits the goblin.
You kill the goblin!
No target in view!
No target in view!
Things that are here:
a +0 dagger; a goblin corpse
Found a spear.
A steam dragon comes into view.
The steam dragon hisses angrily.
Casting: Sandblast (safe; 2% risk of failure)
The blast of sand hits the steam dragon.
The steam dragon is lightly wounded.
Casting: Sandblast (safe; 2% risk of failure)
The blast of sand hits the steam dragon.
The steam dragon is moderately wounded.
The steam dragon barely misses you. The steam dragon closely misses you.
Casting: Sandblast (safe; 2% risk of failure)
You miscast Sandblast.
You are very lightly contaminated with residual magic.
Nothing appears to happen.
The steam dragon breathes steam at you. The ball of steam hits you!
Your condensation shield dissipates!
You hear an angry hiss.
Casting: Sandblast (safe; 2% risk of failure)
The blast of sand hits the steam dragon.
The steam dragon is moderately wounded.
You are engulfed in a cloud of scalding steam.
* * * LOW HITPOINT WARNING * * *
The steam dragon bites you!
* * * LOW HITPOINT WARNING * * *
The steam dragon claws you.
* * * LOW HITPOINT WARNING * * *
Casting: Sandblast (safe; 2% risk of failure)
The blast of sand hits the steam dragon.
The steam dragon is heavily wounded.
The steam dragon bites you!
You die...

Action                   |  1- 3 |  4- 6 || total
-------------------------+-------+-------++-------
Melee: Falchion          |     5 |     4 ||     9
       Unarmed           |     3 |       ||     3
       Touch             |       |     2 ||     2
 Cast: Sandblast         |    60 |    68 ||   128
       Stone Arrow       |       |     2 ||     2
  Use: Potion            |       |     3 ||     3
Armor: Robe              |       |     5 ||     5
Dodge: Dodged            |     7 |    25 ||    32
Block: Other             |       |     1 ||     1

Levels and vault maps discovered:
D:1:      roderic_dead_forest, layout_basic, ebering_ecumenical_altar_rust,
          corexii_corridor_pit, st_stairs_4, minmay_distorted
D:2:      layout_basic
D:3:      layout_basic, serial_shops, shop_statue, nicolae_square_shop,
          uniq_terence
D:4:      cheibrodos_helix_gallery, layout_loops_ring, temple_fountains

Notes
Turn   | Place    | Note
-------+----------+-------------------------------------------
     0 | D:1      | wazuzu the Demonspawn Earth Elementalist began the quest
                  | for the Orb.
     0 | D:1      | Reached XP level 1. HP: 13/13 MP: 3/3
    15 | D:1      | Reached skill level 1 in Transmutations
   190 | D:1      | Found a faded altar of an unknown god.
   354 | D:1      | HP: 1/13 [kobold (3)]
   698 | D:1      | Gained mutation: You are surrounded by a mild repulsion
                  | field. (EV +2) [demonic ancestry]
   698 | D:1      | Reached XP level 2. HP: 19/19 MP: 3/5
   749 | D:1      | Reached skill level 3 in Earth Magic
  1220 | D:1      | Gained mutation: Your touch may inflict minor irresistible
                  | damage on your foes. [demonic ancestry]
  1220 | D:1      | Reached XP level 3. HP: 21/24 MP: 2/7
  1220 | D:1      | wazuzu: ??demonspawn
  1220 | D:1      | beem: demonspawn[1/4]: A race that is pretty average, but
                  | gets 5 semi-random good mutations. Has a 1/10 chance of
                  | being {monstrous}. Demonspawn mutations are irrevocable and
                  | unalterable, and drawn from a special list (see ds mutation
                  | rules).
  1220 | D:1      | wazuzu: ??demonspawn[2
  1220 | D:1      | beem: ds mutation rules[1/6]: Assuming you aren't
                  | monstrous, you get five facets, each consisting of three
                  | mutations (which usually just stack together). You will get
                  | one scales-type facet, one body-slot facet, two tier 2
                  | facets, and one tier 3 facet.
  1220 | D:1      | wazuzu: ??demonspawn[3
  1220 | D:1      | beem: demonspawn[3/4]: Demonspawn enemies live in Pan.
                  | There are five bases of mutation clumpings and god-based
                  | classes, akin to draconians. Monstrous Ds have auxes and
                  | high health, gelid Ds have rC++ and 10 ac until hit with
                  | fire once, infernal Ds have rF++ and af_fire, putrid Ds
                  | heal from any ally deaths in LOS, torturous Ds have spines,
                  | augmentation, PbP.
  1220 | D:1      | wazuzu: ??demonspawn[4
  1220 | D:1      | beem: demonspawn[4/4]: Classes include {warmonger}, {blood
                  | saint}, {chaos champion}, {black sun}, and {corrupter}, on
                  | top of said bases (and all but blood saints are priests).
                  | Base demonspawn are fodder by pan time, bases and classes
                  | each have chances for themed/mixed bands, singular
                  | placements in pan lord vaults, and cut into neqoxec/smoke
                  | demon pan spawns.
  1220 | D:1      | wazuzu: ??ds mutations
  1220 | D:1      | beem: ds mutation rules[1/6]: Assuming you aren't
                  | monstrous, you get five facets, each consisting of three
                  | mutations (which usually just stack together). You will get
                  | one scales-type facet, one body-slot facet, two tier 2
                  | facets, and one tier 3 facet.
  1220 | D:1      | wazuzu: ??ds mutations[2
  1220 | D:1      | beem: ds mutation rules[2/6]: The {scales}-type facets are
                  | icy blue, iridescent, molten, rough black, rugged brown,
                  | slimy green, thin metallic, or yellow scales, or
                  | alternatively thin skeletal structure, large bone plates,
                  | sanguine armour, sturdy frame, or repulsion field.
                  | Body-slot facets: claws, horns, antennae, hooves, talons.
  1220 | D:1      | wazuzu: ??ds mutations[3
  1220 | D:1      | beem: ds mutation rules[3/6]: Tier 2 facets: powered by
                  | death, powered by pain, demonic guardian, spiny, rot (rRot,
                  | foul stench), fire (rF+, flame cloud immunity, ignite
                  | blood), ice (rC+, freezing cloud immunity, icemail), magic
                  | shield.
  1220 | D:1      | wazuzu: ??ds mutations[4
  1220 | D:1      | beem: ds mutation rules[4/6]: Tier 3 facets: robust (+30%
                  | HP), negative energy (rN+/rTorment/black mark),
                  | {augmentation} (+slay/spellpower scaling with HP), ice
                  | (rC+, freezing cloud immunity, passive freeze), fire (rF+,
                  | flame cloud immunity, hellfire). Ice/fire facets are
                  | incompatible, as are foul stench/ignite blood.
  1851 | D:2      | Learned a level 3 spell: Stone Arrow
  2309 | D:2      | Reached skill level 3 in Spellcasting
  2309 | D:2      | Reached skill level 1 in Conjurations
  2513 | D:2      | Gained mutation: You may rarely emit foul miasma when
                  | damaged in melee. [demonic ancestry]
  2513 | D:2      | Reached XP level 4. HP: 19/30 MP: 4/8
  2893 | D:3      | Noticed Terence
  2947 | D:3      | Killed Terence
  2948 | D:3      | Reached skill level 2 in Conjurations
  2948 | D:3      | Reached XP level 5. HP: 28/35 MP: 2/9
  3200 | D:3      | Found Othroonta's General Store.
  3207 | D:3      | Bought a scroll of identify for 24 gold pieces
  3245 | D:3      | Bought 17 stones for 20 gold pieces
  3276 | D:3      | Found Bosiacw's Distillery.
  3991 | D:3      | Reached skill level 3 in Conjurations
  3991 | D:3      | Reached skill level 4 in Earth Magic
  4083 | D:4      | Gained mutation: A meltable shield of frost defends you.
                  | (SH +0) [demonic ancestry]
  4083 | D:4      | Reached XP level 6. HP: 37/41 MP: 3/11
  4208 | D:4      | HP: 8/41 [poisoned by a killer bee]
  4220 | D:4      | HP: 10/41 [poisoned by a killer bee]
  4226 | D:4      | HP: 7/41 [poisoned by a killer bee]
  4499 | D:4      | Reached skill level 4 in Spellcasting
  4499 | D:4      | Reached skill level 4 in Conjurations
  4811 | D:4      | Noticed a steam dragon
  4818 | D:4      | HP: 6/41 [steam dragon (7)]
  4820 | D:4      | Slain by a steam dragon

Vanquished Creatures
  6 killer bees
  2 hounds
  An orc priest (D:4)
  Terence (D:3)
  A howler monkey zombie (D:4)
  4 adders
  2 dart slugs
  3 orcs (D:4)
  8 ball pythons
  2 bats (D:2)
  9 endoplasms
  2 giant cockroaches (D:1)
  6 goblins
  8 hobgoblins
  6 jackals
  3 quokkas
  4 frilled lizards
  4 kobolds
  4 rats
76 creatures vanquished.
